 Dungeon Crawl Stone Soup version 0.17.0 (webtiles) character file.

2176 Eucla the Martial Artist (level 9, 0/62 HPs)
             Began as a Mottled Draconian Fire Elementalist on Nov 15, 2015.
             Was an Elder of Cheibriados.
             Slain by a crocodile (9 damage)
             ... on level 7 of the Dungeon.
             The game lasted 00:11:34 (5462 turns).

Eucla the Martial Artist (DrFE)                     Turns: 5462, Time: 00:11:34

Health: 0/62       AC:  8    Str: 25    XL:     9   Next: 11%
Magic:  33/37      EV: 13    Int: 28    God:    Cheibriados [****..]
Gold:   433        SH:  0    Dex: 23    Spells: 4 memorised, 3 levels left

rFire  . . .     SeeInvis .     t - staff of power
rCold  . . .     Clarity  .     (armour unavailable)
rNeg   . . .     SustAt   .     (no shield)
rPois  .         Gourm    .     (helmet restricted)
rElec  .         Spirit   .     (no cloak)
rCorr  .         Warding  .     d - +0 pair of gloves
rMut   .         Stasis   .     (no boots)
MR     .....                    (no amulet)
Stlth  ++........               F - +5 ring of strength
                                l - ring of magical power

@: short of breath, very slow, not resistant to hostile enchantments, unstealthy
A: breathe sticky flame splash, unfitting armour, cold-blooded, AC +7
a: Breathe Sticky Flame, Bend Time, Temporal Distortion, Slouch, Renounce
Religion


You were on level 7 of the Dungeon.
You worshipped Cheibriados.
Cheibriados was greatly pleased with you.
You were hungry.

You visited 1 branch of the dungeon, and saw 7 of its levels.

You collected 433 gold pieces.

Inventory:

Missiles
 f - 6 javelins of penetration (quivered)
Armour
 d - a +0 pair of gloves (worn)
 p - a +0 buckler
Magical Staves
 t - an uncursed staff of power (weapon)
Jewellery
 l - a ring of magical power (left hand)
 F - a +5 ring of strength (right hand)
Wands
 H - a wand of enslavement (5)
Scrolls
 e - 5 scrolls of remove curse
 g - 3 scrolls of enchant armour {unknown}
 h - 2 scrolls of enchant weapon {unknown}
 i - 3 scrolls of identify
 j - 3 scrolls of fear {unknown}
 n - 2 scrolls of teleportation {unknown}
 r - a scroll of magic mapping {unknown}
 s - a scroll of amnesia {unknown}
 u - a scroll of blinking {unknown}
 y - a scroll of immolation {unknown}
 A - 2 scrolls of recharging {unknown}
Potions
 C - a potion of haste {unknown}
 E - a potion of might {unknown}
 G - a potion of ambrosia {unknown}
Books
 a - a book of Flames

   Spells                             Type                      Level
   a - Flame Tongue                   Conjuration/Fire             1
   b - Throw Flame                    Conjuration/Fire             2
   c - Conjure Flame                  Conjuration/Fire             3
   d - Inner Flame                    Hexes/Fire                   3
   e - Sticky Flame                   Conjuration/Fire             4
   f - Fireball                       Conjuration/Fire             5
 o - a book of Alchemy

   Spells                             Type                      Level
   a - Sublimation of Blood           Necromancy                   2
   b - Ignite Poison                  Fire/Transmutation/Poison    3
   c - Alistair's Intoxication        Transmutation/Poison         4
   d - Condensation Shield            Ice                          4
   e - Petrify                        Transmutation/Earth          4
   f - Irradiate                      Conjuration/Transmutation    5
 D - a book of Geomancy

   Spells                             Type                      Level
   a - Sandblast                      Earth                        1
   b - Stoneskin                      Transmutation/Earth          2
   c - Passwall                       Transmutation/Earth          3
   d - Stone Arrow                    Conjuration/Earth            3
   e - Petrify                        Transmutation/Earth          4
   f - Lee's Rapid Deconstruction     Earth                        5
Comestibles
 b - 5 bread rations
 c - a royal jelly
 m - a beef jerky
 q - a meat ration
 v - a slice of pizza


   Skills:
 - Level 1.7 Dodging
 - Level 1.7 Stealth
 * Level 8.0 Unarmed Combat
 - Level 2.6 Spellcasting
 + Level 6.1 Conjurations
 + Level 7.4 Fire Magic


You had 3 spell levels left.
You knew the following spells:

 Your Spells              Type           Power        Failure   Level  Hunger
a - Flame Tongue          Conj/Fire      #####        1%          1    None
b - Conjure Flame         Conj/Fire      #####...     1%          3    ###....
c - Sticky Flame          Conj/Fire      #####...     8%          4    ####...
d - Stoneskin             Trmt/Erth      #.......     14%         2    ##.....


Dungeon Overview and Level Annotations

Branches:
Dungeon (7/15)             Temple (0/1) D:5

Altars:
Ashenzari
Cheibriados
Elyvilon


Innate Abilities, Weirdness & Mutations

You can spit globs of burning liquid.
You can ignite nearby creatures when you spit burning liquid.
Your weird mottled scales are hard (AC +7).
Your body does not fit into most forms of armour.
You are cold-blooded and may be slowed by cold attacks.


Message History

Unknown command.
The wyvern skeleton burns!
You destroy the wyvern skeleton!
Cheibriados thoroughly appreciates the change of pace.
Drink which item? (? for menu, Esc to quit)
It was a potion of cancellation.
Your magical effects are unravelling.
You feel magically purged.
You feel a little less agile now.
You feel a little less clever now. The crocodile barely misses you.
Casting: Flame Tongue
Confirm with . or Enter, or press ? or * to list all spells.
Aiming: Sticky Flame
Press: ? - help, Shift-Dir - straight line, f - crocodile
Aim: a crocodile The sticky flame hits the crocodile.
The crocodile is lightly wounded.
The crocodile is covered in liquid flames!
The crocodile burns!
The crocodile bites you!
You die...

#.#### ..
#.#.. ..
#.#.# .##
##.#.#...#.
#......_...
#.#..#...#
#.#..# #
#t#....
#@#.....#
##.#####...
#..# .###
#.## #
###########.#
#...........#
#...^########
#....# #....#


You could see a crocodile (burning).

Vanquished Creatures
  Eustachio (D:5)
  Duvessa (D:6)
  2 centaurs
  A phantom (D:5)
  2 ice beasts (D:6)
  The ghost of Eucla the Ducker, an amateur TeGl (D:3)
  2 ogres (D:6)
  2 giant frogs
  A gnoll sergeant (D:6)
  A wyvern zombie (D:6)
  Dowan (D:6)
  A wyvern skeleton (D:7)
  3 scorpions
  A centaur zombie (D:5)
  A jelly (D:6)
  An orc priest (D:7)
  3 crimson imps
  2 hounds
  4 orc wizards
  3 worker ants
  An iguana (D:5)
  A worker ant zombie (D:5)
  5 gnolls (D:6)
  11 adders
  3 shadow imps
  3 oozes
  6 worms
  4 giant geckos
  6 orcs
  3 ball pythons
  8 goblins
  11 hobgoblins
  10 jackals
  3 kobolds
  5 bats
  4 giant cockroaches
  A giant gecko skeleton (D:5)
  3 giant newts
  3 quokkas
  13 rats
138 creatures vanquished.

Vanquished Creatures (others)
  A rat (D:1)
1 creature vanquished.

Grand Total: 139 creatures vanquished

Notes
Turn   | Place    | Note
--------------------------------------------------------------
     0 | D:1      | Eucla the Draconian Fire Elementalist began the quest for the Orb.
     0 | D:1      | Reached XP level 1. HP: 14/14 MP: 3/3
   281 | D:1      | Reached XP level 2. HP: 20/20 MP: 0/5
  1023 | D:2      | Found a snail-covered altar of Cheibriados.
  1064 | D:2      | Reached XP level 3. HP: 26/26 MP: 3/6
  1109 | D:2      | Became a worshipper of Cheibriados the Contemplative
  1228 | D:2      | Learned a level 3 spell: Conjure Flame
  1579 | D:2      | Reached XP level 4. HP: 33/33 MP: 8/8
  1738 | D:3      | Reached * piety under Cheibriados
  1836 | D:3      | Reached skill level 1 in Unarmed Combat
  1924 | D:3      | Noticed Eucla's ghost (amateur TeGl)
  1951 | D:3      | Killed Eucla's ghost
  1951 | D:3      | Reached skill level 4 in Fire Magic
  1951 | D:3      | Reached XP level 5. HP: 19/38 MP: 2/9
  2722 | D:4      | Reached XP level 6. HP: 36/45 MP: 10/10
  2731 | D:4      | Learned a level 4 spell: Sticky Flame
  3033 | D:4      | Reached ** piety under Cheibriados
  3605 | D:5      | Entered Level 5 of the Dungeon
  3967 | D:5      | Found a staircase to the Ecumenical Temple.
  3970 | D:5      | Reached skill level 5 in Fire Magic
  3970 | D:5      | Your scales start taking on a weird mottled colour.
  3970 | D:5      | Reached XP level 7. HP: 50/50 MP: 11/11
  4155 | D:5      | Reached skill level 5 in Unarmed Combat
  4286 | D:5      | Noticed Eustachio
  4294 | D:5      | Killed Eustachio
  4294 | D:5      | Reached *** piety under Cheibriados
  4294 | D:5      | Reached skill level 6 in Fire Magic
  4559 | D:6      | Reached XP level 8. HP: 57/57 MP: 12/12
  4606 | D:6      | Reached skill level 5 in Conjurations
  4748 | D:6      | Noticed Duvessa
  4748 | D:6      | Noticed Dowan
  4938 | D:6      | Reached **** piety under Cheibriados
  4938 | D:6      | Reached skill level 7 in Unarmed Combat
  4942 | D:6      | Killed Duvessa
  4945 | D:6      | Killed Dowan
  5349 | D:6      | Reached XP level 9. HP: 57/62 MP: 13/13
  5362 | D:6      | Learned a level 2 spell: Stoneskin
  5373 | D:7      | Reached skill level 8 in Unarmed Combat
  5384 | D:7      | Found a shattered altar of Ashenzari.
  5443 | D:7      | Found a white marble altar of Elyvilon.
  5462 | D:7      | Slain by a crocodile

Action                   |  1- 3 |  4- 6 |  7- 9 || total
-------------------------+-------+-------+-------++-------
Melee: Unarmed           |    35 |    89 |    21 ||   145
       Staff             |       |       |    10 ||    10
 Cast: Flame Tongue      |    58 |   103 |   146 ||   307
       Conjure Flame     |       |     1 |     3 ||     4
       Sticky Flame      |       |       |     3 ||     3
 Abil: Breathe Sticky Fl |       |       |     4 ||     4
  Use: Scroll            |     4 |       |       ||     4
       Potion            |       |     4 |     5 ||     9
 Stab: Sleeping          |       |     2 |       ||     2
  Eat: Chunk             |     2 |     5 |     3 ||    10
